 Dungeon Crawl Stone Soup version 0.27-a0-419-g7a85846853 (console) character file.

Game seed: 8799772992459433461

9 Garrluk the Chopper (level 2, -1/27 HPs)
             Began as a Deep Dwarf Berserker on Feb 26, 2021.
             Was a Follower of Trog.
             Slain by a kobold
             ... wielding a +0 short sword
              (4 damage)
             ... on level 1 of the Dungeon.
             The game lasted 00:00:54 (126 turns).

Garrluk the Chopper (Deep Dwarf Berserker)           Turns: 126, Time: 00:00:55

Health: -1/27      AC:  2    Str: 20    XL:     2   Next: 6%
Magic:  2/2        EV: 12    Int:  7    God:    Trog [*.....]
Gold:   25         SH:  0    Dex: 12    Spells: 1/1 levels left

rFire    . . .     SeeInvis .   a - +0 hand axe
rCold    . . .     Faith    .   (no shield)
rNeg     . . .     Spirit   .   b - +0 animal skin
rPois    .         Reflect  .   (no helmet)
rElec    .         Harm     .   (no cloak)
rCorr    .         Rampage  .   (no gloves)
Will     .....                  (no boots)
Stlth    +.........             (no amulet)
HPRegen  0.00/turn              (no ring)
MPRegen  0.08/turn              (no ring)

@: non-regenerating
A: damage resistance, heal wounds, sense surroundings 1, no regeneration
a: Heal Wounds, Renounce Religion, Berserk


You were on level 1 of the Dungeon.
You worshipped Trog.
Trog was aware of your devotion.
You visited 1 branch of the dungeon, and saw 1 of its levels.

You collected 25 gold pieces.

Notes
Turn   | Place    | Note
-------+----------+-------------------------------------------
     0 | D:1      | Garrluk the Deep Dwarf Berserker began the quest for the
                  | Orb.
     0 | D:1      | Reached XP level 1. HP: 20/20 MP: 1/1
    90 | D:1      | Reached skill level 4 in Axes
    90 | D:1      | Reached XP level 2. HP: 18/27 MP: 2/2
   126 | D:1      | Slain by a kobold

Inventory:

Hand Weapons
 a - a +0 hand axe (weapon)
Missiles
 c - 26 bolts
 d - 12 sling bullets
 e - 10 poisoned darts
Armour
 b - a +0 animal skin (worn)
Scrolls
 f - a scroll of identify {unknown}

Table legend: (Time is in decaauts)
 A = Elapsed time spent in this place.
 B = Non-inter-level travel time spent in this place.
 C = Inter-level travel time spent in this place.
 D = Time resting spent in this place.
 E = Time spent auto-exploring this place.
 F = Levels seen in this place.
 G = Mean time per level.
                   A        B        C        D        E       F      G
               +--------+--------+--------+--------+--------+-----+--------+
         Total |    129 |    129 |      0 |      0 |      0 |   1 |  129.0 |
       Dungeon |    129 |    129 |      0 |      0 |      0 |   1 |  129.0 |
               +--------+--------+--------+--------+--------+-----+--------+

Top non-repeatable levels by time:
     D:1: 129 daAuts


   Skills:
 - Level 2.6 Fighting
 * Level 4.0 Axes
 - Level 2.1 Armour
 - Level 2.1 Dodging


You had one spell level left.
You didn't know any spells.
Your spell library was empty.

Dungeon Overview and Level Annotations

Branches:
Dungeon (1/15)

Altars:


Innate Abilities, Weirdness & Mutations

You are resistant to damage.
You can heal yourself by infusing magical energy.
You passively map a small area around you.
You do not regenerate.


Message History

You hit the bat.
You kill the bat!
Trog accepts your kill.
You hit the hobgoblin.
The hobgoblin is moderately wounded.
The hobgoblin hits you with a +0 club.
You hit the hobgoblin.
The hobgoblin is severely wounded.
The hobgoblin barely misses you.
You barely miss the hobgoblin.
The hobgoblin is severely wounded.
The hobgoblin hits you but does no damage.
You hit the hobgoblin.
The hobgoblin is almost dead.
The hobgoblin hits you with a +0 club.
You closely miss the hobgoblin.
The hobgoblin is almost dead.
The hobgoblin closely misses you.
You barely miss the hobgoblin.
The hobgoblin is almost dead.
The hobgoblin hits you but does no damage.
You closely miss the hobgoblin.
The hobgoblin is almost dead.
You closely miss the kobold.
The kobold hits you with a +0 short sword.
The hobgoblin hits you with a +0 club.
* * * LOW HITPOINT WARNING * * *
You barely miss the hobgoblin.
The hobgoblin is almost dead.
You hit the kobold.
The kobold hits you with a +0 short sword!
* * * LOW HITPOINT WARNING * * *
The hobgoblin barely misses you.
You barely miss the kobold.
The kobold is severely wounded.
The kobold barely misses you. The kobold hits you but does no damage.
You barely miss the kobold.
The kobold is severely wounded.
The kobold hits you with a +0 short sword.
You die...

##....# #'##....##'# *
......# #..........# * ,
##....# #≈≈≈.<..≈≈≈# * * ,
#.#..####≈≈≈≈≈≈≈≈## #. ,
*#.#...############ #. . ,
..#....### **##. .. *
..###.....## , #...... * #
*###.....##++##$.#.... # ,
#.†...#...........# .#
*#.###..####.....# ... #..
##....#..@.#* .... #..
#######...K#####..#.. , ,
#.###...........g#.......,
#...................... ,
........###..†.........!..
.......## #.............#K
.......* #.............##
, ....... #.............#.
....... #...............
####### #............... ,
##.............., ,


You could see a kobold.

Table legend:
 A = Kills in this place as a percentage of kills in entire the game.
 B = Kills by you in this place as a percentage of kills by you in the entire game.
 C = Kills by friends in this place as a percentage of kills by friends in the entire game.
 D = Other kills in this place as a percentage of other kills in the entire game.
 E = Experience gained in this place as a percentage of experience gained in the entire game.
 F = Experience gained in this place divided by the number of levels of this place that you have seen.
                   A       B       C       D       E      F
               +-------+-------+-------+-------+-------+----------------------
         Total | 100.0 | 100.0 |   N/A |   N/A | 100.0 |  14.0
       Dungeon | 100.0 | 100.0 |   N/A |   N/A | 100.0 |  14.0
               +-------+-------+-------+-------+-------+----------------------

Vanquished Creatures
  Monster Symbol All 'K'
  A kobold (D:1)
1 creature vanquished. All 'b' A bat (D:1)
1 creature vanquished. All 'w' 3 dart slugs (D:1)
3 creatures vanquished.
5 creatures vanquished. Monster Nature Natural Monsters 3 dart slugs (D:1) A bat (D:1) A kobold (D:1)
5 creatures vanquished.
5 creatures vanquished. Ascending Order A kobold (D:1) A bat (D:1) 3 dart slugs (D:1)
5 creatures vanquished.

Action                   || total
-------------------------++-------
Melee: Hand axe          ||    29
Armor: Animal skin       ||     5
Dodge: Dodged            ||    12
